 Dungeon Crawl Stone Soup version 0.29.1-15-g9cfb28693d (webtiles) character file.

Game seed: 6043910378214919959

25 QwertyIsDirtey the Trooper (level 2, 0/27 HPs)
             Began as a Minotaur Berserker on Mar 24, 2023.
             Was a Follower of Trog.
             Slain by a worm (2 damage)
             ... on level 2 of the Dungeon.
             The game lasted 00:02:39 (763 turns).

QwertyIsDirtey the Trooper (Minotaur Berserker)      Turns: 763, Time: 00:02:39

Health: 0/27       AC:  2    Str: 21    XL:     2   Next: 82%
Magic:  1/1        EV: 12    Int:  4    God:    Trog [*.....]
Gold:   48         SH:  0    Dex:  9    Spells: 1/1 levels left

rFire   . . .      SeeInvis .   a - +0 falchion
rCold   . . .      Faith    .   (no shield)
rNeg    . . .      Spirit   .   b - +0 animal skin
rPois   +          Reflect  .   (helmet restricted)
rElec   .          Harm     .   (no cloak)
rCorr   .          Rampage  .   (no gloves)
Will    .....                   (no boots)
Stlth   +.........              (no amulet)
HPRegen 0.09/turn               j - ring of wizardry
MPRegen 0.07/turn               k - ring of poison resistance

@: no status effects
A: horns 2, retaliatory headbutt
a: Renounce Religion, Berserk


You were on level 2 of the Dungeon.
You worshipped Trog.
Trog was aware of your devotion.
You visited 1 branch of the dungeon, and saw 2 of its levels.

You collected 48 gold pieces.

Inventory:

Hand Weapons
 a - a +0 falchion (weapon)
Missiles
 e - 3 poisoned darts (quivered)
Armour
 b - a +0 animal skin (worn)
Magical Staves
 f - a staff of cold
Jewellery
 j - a ring of wizardry (left hand)
 k - a ring of poison resistance (right hand)
Scrolls
 d - a scroll of fear {unknown}
 g - a scroll of vulnerability {unknown}
 i - 2 scrolls of identify {unknown}
Potions
 c - a potion of heal wounds {unknown}
 h - a potion of haste {unknown}


   Skills:
 + Level 4.2 Fighting
 + Level 4.2 Long Blades
 + Level 2.6 Armour
 + Level 2.3 Dodging
 + Level 0.1 Stealth


You had one spell level left.
You didn't know any spells.
Your spell library was empty.

Dungeon Overview and Level Annotations

Branches:
Dungeon (2/15)

Altars:

Shops:
D:2 :


Innate Abilities, Weirdness & Mutations

You have a pair of horns on your head.
You reflexively headbutt those who attack you in melee.


Message History

You headbutt the endoplasm, but do no damage.
You hit the endoplasm but do no damage.
The endoplasm is heavily wounded.
The endoplasm freezes you.
You are frozen.
You hit the endoplasm.
You kill the endoplasm!
Trog accepts your kill.
i - 2 scrolls labelled OCESIN HICRUJY (gained 1)
A worm comes into view.
You see here a scroll labelled ICSITSEWAE.
You see here a scroll labelled ICSITSEWAE.
You open the door.
Found a stone staircase leading up.
There is an open door here.
The worm bites you!
You see here a scroll labelled ICSITSEWAE.
You barely miss the worm.
You headbutt the worm, but do no damage.
You hit the worm but do no damage. The worm bites you!
* * * LOW HITPOINT WARNING * * *
You hit the worm.
The worm is moderately wounded.
The worm closely misses you.
You hit the worm. You headbutt the worm.
The worm is severely wounded.
You barely miss the worm.
The worm is severely wounded.
The worm bites you.
* * * LOW HITPOINT WARNING * * *
You barely miss the worm.
The worm is heavily wounded.
The worm closely misses you. You furiously retaliate!
You headbutt the worm, but do no damage.
You hit the worm.
The worm is severely wounded.
You hit the worm.
The worm is almost dead.
The worm bites you.
You die...

.# #############.#
............#.#
............#.#
............#.#
............#.#####
............#....<##
.......w@...'.......
..+>...........#######.
.#............####
...######........#
#..######........#
#..#.............#
#..#.###.........##.
#..#.#..............
#..#.#.#.........#..


You could see a worm.

Vanquished Creatures
  A dart slug (D:1)
  3 endoplasms
  A giant cockroach (D:1)
  3 goblins
  2 hobgoblins (D:1)
  3 jackals (D:1)
  A kobold (D:1)
  A quokka (D:2)
  A frilled lizard (D:2)
  3 rats
19 creatures vanquished.

Notes
Turn   | Place    | Note
-------+----------+-------------------------------------------
     0 | D:1      | QwertyIsDirtey the Minotaur Berserker began the quest for
                  | the Orb.
     0 | D:1      | Reached XP level 1. HP: 19/19 MP: 0/0
   172 | D:1      | Reached XP level 2. HP: 18/27 MP: 1/1
   583 | D:2      | Found Wamuize's Book Boutique.
   763 | D:2      | Slain by a worm

Illustrated notes

Levels and vault maps discovered:
D:1:      evilmike_arrival_crescent, layout_loops_ring
D:2:      layout_basic, basic_ecumenical_altar, serial_shops,
          nicolae_shop_stone, basic_altar, uniq_natasha, uniq_robin

Skill      XL: |  1  2 |
---------------+-------+-----
Long Blades    | 4 |  4.2
Fighting       | 4 |  4.2
Armour         | |  2.6
Dodging        | |  2.3
Stealth        | |  0.1

Action                   || total
-------------------------++-------
Melee: Falchion          ||    55
       Headbutt          ||     8
Armor: Animal skin       ||    12
Dodge: Dodged            ||    33
